 Seeded DCSS version 0.31-a0-435-g2c6fae2916 (webtiles) character file.

Game seed: 6733148913236269867 (custom seed)

1154 innerfire43 the Chopper (level 8, -1/91 HPs)
             Began as a Demonspawn Monk on Aug 1, 2023.
             Was an Initiate of Ashenzari.
             Killed from afar by a white imp (2 damage)
             ... with a puff of frost
             ... on level 7 of the Dungeon.
             The game lasted 00:04:45 (3013 turns).

innerfire43 the Chopper (Demonspawn Monk)           Turns: 3013, Time: 00:04:45

Health: -1/91      AC: 14    Str: 14    XL:     8   Next: 16%
Magic:  8/8        EV:  5    Int: 12    God:    Ashenzari [......]
Gold:   233        SH:  5    Dex: 15    Spells: 7/7 levels left

rFire   . . .        n - +0 war axe
rCold   + . .        d - orb {light}
rNeg    . . .        g - +3 plate armour of the Perceptive Vision {rC+, Comp, Self} (curse)
rPois   .            e - melded +0 helmet
rElec   .            (cloak currently unavailable)
rCorr   .            (gloves currently unavailable)
SInv    .            (boots currently unavailable)
Will    .....        r - amulet of reflection Stlth
                     (no ring)
HPRegen 0.35/turn    (no ring)
MPRegen 0.22/turn

%: reflection
@: berserking, beast-form, glowing, studying Invocations, very quick
A: beast (slay +2), spiny 1, magic regeneration
a: Begin Untransformation, Renounce Religion, Curse Item, Shatter the Chains


You were on level 7 of the Dungeon.
You worshipped Ashenzari.
Ashenzari was noncommittal.
You were a hulking beast.
You visited 1 branch of the dungeon, and saw 5 of its levels.

You collected 233 gold pieces.

Inventory:

Hand Weapons
 a - a +0 hand axe
 n - a +0 war axe (weapon)
Missiles
 c - 2 throwing nets
Armour
 b - a +0 robe
 d - an orb of light (worn)
 e - a +0 helmet (melded)
 g - the cursed +3 plate armour of the Perceptive Vision (worn) {rC+, Comp, Self}
   (You acquired it on level 1 of the Dungeon)

   It has a curse which improves the following skills: Companions: Summonings
   and Necromancy.
   Introspection: Fighting and Spellcasting.
Jewellery
 r - an amulet of reflection (around neck)
Talismans
 k - a beast talisman (active)
Scrolls
 f - 3 scrolls of teleportation {unknown}
 h - 2 scrolls of immolation {unknown}
 l - a scroll of fog {unknown}
 m - a scroll of revelation {unknown}
 o - 2 scrolls of identify {unknown}
 p - a scroll of blinking {unknown}
Potions
 j - a potion of might {unknown}
 q - 2 potions of curing {unknown}


   Skills:
 + Level 4.4(4.8) Fighting
 + Level 4.9 Axes
 + Level 4.3 Armour
 - Level 3.1 Dodging
 * Level 4.2 Shapeshifting


You had 7 spell levels left.
You didn't know any spells.
Your spell library contained the following spells:

 Spells                   Type           Power      Damage    Failure   Level
 Ensorcelled Hibernation  Hex/Ice        0%         N/A       100%        2
 Passwall                 Tmut/Erth      0%         N/A       100%        2
 Swiftness                Air            0%         N/A       100%        3


Dungeon Overview and Level Annotations

Branches:
Dungeon (4/15)             Temple (0/1) D:4

Altars:
Ashenzari
Fedhas
Hepliaklqana
Qazlal

Shops:
D:2 *


Innate Abilities, Weirdness & Mutations

You are a hulking beast.
Your limbs bulge with bestial killing power. (Slay +2)
You are partially covered in sharp spines.
You regenerate magic rapidly.


Message History

You kill the scorpion!
You slash the howler monkey!
You kill the howler monkey!
You barely miss the wyvern. You slash Pikel! The wyvern bites you.
* * * LOW HITPOINT WARNING * * *
The howler monkey hits you but does no damage.
Your Shapeshifting skill increases to level 4!
You have reached level 8!
You feel clever.
You slash the howler monkey!
You kill the howler monkey!
You barely miss the orc warrior. You slash the orc priest!
You completely miss the wyvern. You slash Pikel! You block the wyvern's attack.
The orc warrior hits you but does no damage.
The orc priest is struck by your spines.
You kill the orc priest!
Pikel is struck by your spines. Pikel hits you but does no damage.
The wyvern barely misses you.
You slash the orc!
You kill the orc!
You slash the orc warrior! You hit the wyvern but do no damage.
You barely miss Pikel. The wyvern is struck by your spines.
The wyvern bites you.
* * * LOW HITPOINT WARNING * * *
The orc warrior closely misses you. Pikel barely misses you.
You slice the jelly!!
You kill the jelly!
You slash the orc warrior! You slash the lemure! You slash the wyvern!
You kill the wyvern!
You slash Pikel!
You kill Pikel!
With Pikel's spell broken, his former minions thank you for their freedom.
The lemure departs this earthly plane. x4
The sentinel's mark upon you fades away.
The orc warrior is struck by your spines.
The orc warrior hits you with a +5 war axe.
* * * LOW HITPOINT WARNING * * *
The white imp gestures at you. The puff of frost hits you. You resist.
You die...

........... #.......... .
##..........
..##..........
....!5......#
##..§.§....#
#...h))o...## #h§....#
... ##..#.## .. .. #.##
... ##. #.## .. ....#..##
##..##.... ....#...#
##.........
........#######...###.#.#
..........#.##....# #
##................#


You could see an orc warrior, a hound and a white imp.

Vanquished Creatures
  Pikel (D:7)
  A wyvern (D:7)
  Eustachio (D:4)
  A water moccasin (D:7)
  An ogre (D:4)
  A centaur (D:7)
  A kobold brigand (D:7)
  A bullfrog (D:7)
  A scorpion (D:7)
  3 howler monkeys (D:7)
  2 hounds
  A jelly (D:7)
  2 orc priests
  2 orc wizards (D:4)
  13 gnolls
  4 adders
  2 worms
  2 dart slugs
  10 orcs
  6 ball pythons
  8 bats
  5 endoplasms
  2 giant cockroaches
  9 hobgoblins
  4 jackals (D:4)
  8 kobolds
  6 quokkas
  2 frilled lizards (D:1)
  7 goblins
  5 rats
  A spectral hobgoblin (D:4)
113 creatures vanquished.

Notes
Turn   | Place    | Note
-------+----------+-------------------------------------------
     0 | D:1      | innerfire43 the Demonspawn Monk began the quest for the
                  | Orb.
     0 | D:1      | Reached XP level 1. HP: 18/18 MP: 1/1
   119 | D:1      | Gained mutation: You are partially covered in sharp spines.
                  | [demonic ancestry]
   119 | D:1      | Reached XP level 2. HP: 22/24 MP: 2/2
   487 | D:1      | Reached XP level 3. HP: 28/29 MP: 3/3
   580 | D:1      | Identified a scroll of acquirement
   580 | D:1      | Acquired a +3 plate armour of cold resistance
   684 | D:2      | Found Disonili's Assorted Antiques.
   729 | D:2      | Reached skill level 1 in Armour
   731 | D:2      | Reached XP level 4. HP: 21/35 MP: 4/4
   741 | D:2      | Reached skill level 1 in Shapeshifting
   974 | D:2      | Reached XP level 5. HP: 41/41 MP: 5/5
  1905 | D:3      | Found a faded altar of an unknown god.
  1912 | D:3      | Prayed at the altar of an unknown god.
  1912 | D:3      | Became a worshipper of Ashenzari the Shackled
  2019 | D:4      | Found a stormy altar of Qazlal.
  2086 | D:4      | Found a blossoming altar of Fedhas.
  2088 | D:4      | Noticed Eustachio
  2112 | D:4      | Killed Eustachio
  2113 | D:4      | Gained mutation: You regenerate magic rapidly. [demonic
                  | ancestry]
  2113 | D:4      | Reached XP level 6. HP: 29/48 MP: 6/6
  2281 | D:4      | Found a hazy altar of Hepliaklqana.
  2309 | D:4      | Found a staircase to the Ecumenical Temple.
  2355 | D:4      | Reached XP level 7. HP: 21/53 MP: 7/7
  2897 | D:4      | You fall into a shaft and drop 3 floors!
  3001 | D:7      | Noticed a wyvern
  3002 | D:7      | Noticed Pikel
  3011 | D:7      | Reached XP level 8. HP: 9/61 MP: 8/8
  3013 | D:7      | Killed Pikel
  3013 | D:7      | HP: 1/91 [orc warrior/+5 war axe (4)]
  3013 | D:7      | Killed from afar by a white imp

Illustrated notes

Levels and vault maps discovered:
D:1:      dpeg_arrival_prison, layout_rooms, chequers_arboretum
D:2:      layout_rooms, serial_shops, nicolae_shop_advertising_works
          [nicolae_subvault_shop_adworks], basic_altar
D:3:      layout_loops_ring, shapermc_ecumenical_altar_mp_ritualfount
D:4:      layout_cave_pods, grunt_temple_overflow_forces_of_nature,
          nicolae_hepliaklqana_monster_ancestors,
          minmay_temple_entry_statues_fountains, minmay_unequal, uniq_eustachio
D:7:      layout_cave_pools, nicolae_ru_awakened_eye, bloody_makhleb, uniq_pikel

Skill      XL: |  1  2  3  4  5  6  7 |
---------------+----------------------+-----
Dodging        | 3 |  3.1
Axes           | 3 4 |  4.9
Armour         | 1 3 4 |  4.3
Shapeshifting  | 1 2 3 4 |  4.2
Fighting       | 4 |  4.4

Action                     |  1- 3 |  4- 6 |  7- 9 || total
---------------------------+-------+-------+-------++-------
  Melee: Hand axe          |    66 |    64 |       ||   130
         War axe           |       |    33 |    37 ||    70
 Invoke: Curse Item        |       |     1 |       ||     1
    Use: Potion            |     1 |       |     1 ||     2
         Scroll            |     1 |       |       ||     1
 Armour: Robe              |     9 |       |       ||     9
         Plate armour      |    13 |    94 |    49 ||   156
  Dodge: Dodged            |    29 |    22 |    22 ||    73
  Block: Orb               |       |       |    17 ||    17
   Form: Beast             |       |     1 |       ||     1

Table legend: (Time is in decaauts)
 A = Elapsed time spent in this place.
 B = Non-inter-level travel time spent in this place.
 C = Inter-level travel time spent in this place.
 D = Time resting spent in this place.
 E = Time spent auto-exploring this place.
 F = Levels seen in this place.
 G = Mean time per level.
                   A        B        C        D        E       F      G
               +--------+--------+--------+--------+--------+-----+--------+
         Total |   3048 |   2957 |     91 |      0 |   2377 |   5 |  609.6 |
       Dungeon |   3048 |   2957 |     91 |      0 |   2377 |   5 |  609.6 |
               +--------+--------+--------+--------+--------+-----+--------+

Top non-repeatable levels by time:
     D:4: 915 daAuts
     D:3: 752 daAuts
     D:2: 649 daAuts
     D:1: 609 daAuts
     D:7: 121 daAuts
